AoeStats
← bayon

Arabia

510193666Analyzed
1v1 RM · 2d ago on Sep 29, 2026· 67m 55s· 2 players
Game mode
Random Map
Map size
Tiny (2 player)
Population
200
Speed
Normal
Resources
Standard
Victory
Conquest
Starting age
Dark Age
Ending age
Imperial Age
RankedLock teamsTeams togetherTeam positionsShared explorationLock speedFull tech treeHidden civsTurbo modeCheats
Victory
Defeat
🇧🇩 Vietnamese · Bangladesh
850
+17
🇵🇹 Bohemians · Portugal
876
-17
RFK0076
7:03 Loom
9:20 Feudal Age
10:06 Double-Bit Axe
11:46 Horse Collar
20:23 Castle Age
20:36 Forging
20:17 Fletching
20:29 Scale Mail Armor
20:29 Padded Archer Armor
21:23 Bow Saw
21:42 Pikeman
25:01 Elite Skirmisher
27:07 Leather Archer Armor
27:21 Ballistics
32:48 Heavy Plow
33:25 Wheelbarrow
34:05 Hand Cart
38:33 Imperial Age
38:48 Chatras
39:06 Thumb Ring
39:18 Chain Mail Armor
39:39 Iron Casting
39:00 Bodkin Arrow
39:00 Heated Shot
40:18 Chemistry
42:00 Plate Mail Armor
44:10 Gold Mining
46:12 Imperial Skirmisher
47:25 Ring Archer Armor
46:55 Bracer
47:18 Bombard Tower
48:38 Two-Man Saw
48:12 Crop Rotation
47:36 Stone Mining
47:41 Elite Rattan Archer
49:58 Paper Money
49:51 Masonry
49:46 Siege Engineers
50:39 Town Watch
50:57 Chatras
50:28 Sappers
51:34 Hoardings
50:59 Murder Holes
51:15 Fortified Wall
50:57 Guard Tower
50:53 Arrowslits
52:06 Elite Fire Lancer
55:51 Squires
57:46 Halberdier
bayon
6:07 Loom
9:33 Feudal Age
15:47 Scale Barding Armor
18:55 Horse Collar
19:02 Double-Bit Axe
24:18 Castle Age
23:37 Wheelbarrow
23:44 Fletching
23:54 Padded Archer Armor
24:30 Crossbowman
25:57 Bow Saw
26:01 Bodkin Arrow
26:21 Leather Archer Armor
29:28 Husbandry
29:52 Chain Barding Armor
31:18 Hand Cart
40:24 Imperial Age
40:07 Town Watch
43:06 Cavalier
43:42 Heavy Scorpion
44:53 Elite Hussite Wagon
47:02 Heavy Plow
48:07 Two-Man Saw
47:59 Theocracy
54:16 Elite Skirmisher
57:54 Ring Archer Armor
57:25 Bracer
59:38 Ballistics
61:59 Onager
64:16 Light Cavalry
Connection lost

Rejoining the realm…

Still unreachable

The connection could not be restored.

Session expired

The server has moved on; the page needs a fresh start.